 Dungeon Crawl Stone Soup version 0.30.1-9-gdf580d7c3d (webtiles) character file.

Game seed: 8149240382821445046

96 pop123321pop the Conjurer (level 4, 0/27 HPs)
             Began as an Octopode Conjurer on Sept 30, 2023.
             Was an Initiate of Ashenzari.
             Slain by an ogre
             ... wielding a +0 giant club
              (27 damage)
             ... on level 4 of the Dungeon.
             The game lasted 00:07:29 (3137 turns).

pop123321pop the Conjurer (Octopode Conjurer)       Turns: 3137, Time: 00:07:31

Health: 0/27       AC:  1    Str:  6    XL:     4   Next: 67%
Magic:  3/8        EV: 13    Int: 20    God:    Ashenzari [......]
Gold:   160        SH:  0    Dex: 12    Spells: 7/8 levels left

rFire   . . .        (no weapon)
rCold   . . .        (no shield)
rNeg    . . .        (helmet restricted)
rPois   .            (no amulet)
rElec   .            (no ring)
rCorr   .            (no ring)
SInv    .            (no ring)
Will    .....        (no ring)
Stlth   +++          (no ring)
HPRegen 0.24/turn    (no ring)
MPRegen 0.11/turn    (no ring)
                     (no ring)

%: no passive effects
@: no status effects
A: almost no armour, amphibious, 8 rings, camouflage 1, gelatinous body 1,
(nimble swimmer 1), tentacles
a: Renounce Religion, Curse Item


You were on level 4 of the Dungeon.
You worshipped Ashenzari.
Ashenzari was noncommittal.
You visited 1 branch of the dungeon, and saw 4 of its levels.

You collected 160 gold pieces.

Inventory:

Missiles
 n - a throwing net
Scrolls
 c - a scroll of enchant armour
 d - a scroll of fear {unknown}
 e - a scroll of vulnerability {unknown}
 f - 2 scrolls of immolation
 g - a scroll of poison
 h - a scroll of blinking
 m - a scroll of summoning {unknown}
Potions
 a - a potion of magic
 b - a potion of might
 i - a potion of cancellation {unknown}
 j - a potion of heal wounds
 k - a potion of curing {unknown}
 l - 3 potions of lignification {unknown}


   Skills:
 - Level 2.2 Dodging
 - Level 3.1 Stealth
 + Level 2.9 Spellcasting
 + Level 5.1 Conjurations


You had 7 spell levels left.
You knew the following spells:

 Your Spells              Type           Power      Damage    Failure   Level
a - Magic Dart            Conj           92%        1d7       1%          1

Your spell library contained the following spells:

 Spells                   Type           Power      Damage    Failure   Level
 Searing Ray              Conj           46%        2d6       2%          2
 Dazzling Flash           Conj/Hex       26%        N/A       16%         3
 Summon Guardian Golem    Hex/Summ       2%         N/A       41%         3
 Fulminant Prism          Conj/Hex       6%         3d7       45%         4
 Iskenderun's Mystic Bla  Conj/Tloc      13%        2d5       45%         4
 Orb of Destruction       Conj           11%        9d6       100%        7
 Spellforged Servitor     Conj/Summ      6%         N/A       100%        7


Dungeon Overview and Level Annotations

Branches:
Dungeon (4/15)
 Temple: D:4-7

Altars:
Ashenzari
Kikubaaqudgha
Qazlal
Trog
Wu Jian
The Shining One

Shops:
D:1 [


Innate Abilities, Weirdness & Mutations

You cannot wear most types of armour.
You are amphibious.
You can wear up to eight rings at the same time.
Your skin changes colour to match your surroundings (Stealth+).
Your rubbery body absorbs attacks. (AC +1, EV +1)
((You are camouflaged when in or above water. (Stealth+)))
You have tentacles for arms and can constrict up to eight enemies at once.


Message History

Press: ? - help, Shift-Dir - straight line, f - ogre
Aim: an ogre, wielding a +0 giant club (100% to hit)
The magic dart hits the ogre.
The ogre is lightly wounded.
The adder hisses angrily.
The ogre barely misses you.
Casting: Magic Dart (safe; 1% risk of failure)
Confirm with . or Enter, or press ? or * to list all spells.
Aiming: Magic Dart (safe; 1% risk of failure)
Press: ? - help, Shift-Dir - straight line, f/p - ogre
Aim: an ogre, wielding a +0 giant club (lightly wounded, 100% to hit)
The magic dart hits the ogre.
The ogre is lightly wounded.
Casting: Magic Dart (safe; 1% risk of failure)
Confirm with . or Enter, or press ? or * to list all spells.
Aiming: Magic Dart (safe; 1% risk of failure)
Press: ? - help, Shift-Dir - straight line, f/p - ogre
Aim: an ogre, wielding a +0 giant club (lightly wounded, 100% to hit)
The magic dart hits the ogre.
The ogre is moderately wounded.
The ogre barely misses you. The ogre attacks as you move away!
The ogre barely misses you.
Casting: Magic Dart (safe; 1% risk of failure)
Confirm with . or Enter, or press ? or * to list all spells.
Aiming: Magic Dart (safe; 1% risk of failure)
Press: ? - help, Shift-Dir - straight line, f/p - ogre
Aim: an ogre, wielding a +0 giant club (moderately wounded, 100% to hit)
The magic dart hits the ogre.
The ogre is heavily wounded.
There is a stone staircase leading up here.
Casting: Magic Dart (safe; 1% risk of failure)
Confirm with . or Enter, or press ? or * to list all spells.
Aiming: Magic Dart (safe; 1% risk of failure)
Press: ? - help, Shift-Dir - straight line, f/p - ogre
Aim: an ogre, wielding a +0 giant club (heavily wounded, 100% to hit)
The magic dart hits the ogre but does no damage.
The ogre is heavily wounded.
The ogre hits you with a +0 giant club!!
Ouch! That really hurt!
You die...

#..#
#..######
#..##.o.#
#..##.#S#
#..oS.#.#
#S#.###.#####
#.S.#.#
#S.S..#
#(#.#.#
#####.#
#.....#
#@OS..# #
#.### #†#####
#.# #.# #.#
### ...


You could see an ogre and an adder.

Vanquished Creatures
  An orc priest (D:3)
  An adder (D:4)
  A worm (D:3)
  A dart slug (D:1)
  4 orcs
  2 endoplasms (D:2)
  A giant cockroach (D:2)
  7 goblins
  7 hobgoblins
  5 kobolds
  2 quokkas (D:3)
  A ball python (D:1)
  6 bats
  2 frilled lizards (D:1)
  7 rats
48 creatures vanquished.

Notes
Turn   | Place    | Note
-------+----------+-------------------------------------------
     0 | D:1      | pop123321pop the Octopode Conjurer began the quest for the
                  | Orb.
     0 | D:1      | Reached XP level 1. HP: 11/11 MP: 3/3
   422 | D:1      | Reached XP level 2. HP: 17/17 MP: 0/5
   683 | D:1      | Found Havveg's Armour Boutique.
  1533 | D:2      | Reached XP level 3. HP: 21/21 MP: 4/6
  1634 | D:2      | Found a faded altar of an unknown god.
  2057 | D:2      | Prayed at the altar of an unknown god.
  2057 | D:2      | Became a worshipper of Ashenzari the Shackled
  2190 | D:3      | Reached XP level 4. HP: 16/27 MP: 1/7
  2348 | D:3      | Reached skill level 5 in Conjurations
  2624 | D:3      | Found an ornate altar of the Wu Jian Council.
  2665 | D:3      | Found a bloodstained altar of Trog.
  2858 | D:3      | Found a glowing golden altar of the Shining One.
  2860 | D:3      | Found an ancient bone altar of Kikubaaqudgha.
  2935 | D:3      | Found a stormy altar of Qazlal.
  3114 | D:4      | Noticed an ogre
  3137 | D:4      | Slain by an ogre

Illustrated notes

Levels and vault maps discovered:
D:1:      sevenhm_arrival_forest_fort_small_3, layout_loops_corners,
          serial_shops, shop
D:2:      layout_basic, hellmonk_ecumenical_altar_crossroads
D:3:      layout_rooms, trog_hazing_becter, minitemple,
          nicolae_qazlal_eye_of_the_storm, nicolae_wu_jian_wuxing_cycle
D:4:      layout_basic

Skill      XL: |  1  2  3  4 |
---------------+-------------+-----
Stealth        | 3 |  3.1
Conjurations   | 5 |  5.1
Dodging        | |  2.2
Spellcasting   | |  2.9

Action                     |  1- 3 |  4- 6 || total
---------------------------+-------+-------++-------
   Cast: Magic Dart        |    59 |    44 ||   103
    Use: Scroll            |     7 |       ||     7
 Armour: Skin              |       |     2 ||     2
  Dodge: Dodged            |     3 |    12 ||    15
